 Dungeon Sprint DCSS version 0.28-a0-258-g8de209e91f (webtiles) character file.

Game seed: 10663680025381197649

988 MikeHunt the Grappler (level 8, 0/78 HPs)
             Began as a Ghoul Monk on Aug 26, 2021.
             Was a Believer of Cheibriados.
             Slain by a demonic crawler (9 damage)
             ... in the Dungeon (Sprint I: "Red Sonja").
             The game lasted 00:02:25 (971 turns).

MikeHunt the Grappler (Ghoul Monk)                   Turns: 971, Time: 00:02:26

Health: 0/78       AC:  2    Str: 19 (20) XL:     8   Next: 18%
Magic:  8/11       EV: 15    Int: 10      God:    Cheibriados [**....]
Gold:   405        SH:  0    Dex: 18      Spells: 7/7 levels left

rFire   . . .      SeeInvis .     - Unarmed
rCold   + . .      Faith    .   (no shield)
rNeg    + + +      Spirit   .   a - +0 robe
rPois   ∞          Reflect  .   (no helmet)
rElec   .          Harm     .   (no cloak)
rCorr   .          Rampage  .   (no gloves)
Will    .....      NoTele   +   (no boots)
Stlth   ++++......              (no amulet)
HPRegen 0.00/turn               (no ring)
MPRegen 0.12/turn               (no ring)

@: inhibited regen, very slow
A: claws 1, cold resistance 1, negative energy resistance 3, inhibited
regeneration, torment resistance 2
a: Renounce Religion, Bend Time


You were in the Dungeon.
You worshipped Cheibriados.
Cheibriados was pleased with you.
You visited 1 branch You collected 405 gold pieces.

Inventory:

Missiles
 c - 12 stones (quivered)
Armour
 a - a +0 robe (worn)
 b - a +0 chain mail
Potions
 d - a potion of haste
 e - 2 potions of magic


   Skills:
 + Level 9.5 Fighting
 - Level 6.0 Dodging
 - Level 9.2 Stealth
 + Level 12.0 Unarmed Combat
 + Level 6.0 Invocations


You had 7 spell levels left.
You didn't know any spells.
Your spell library was empty.

Dungeon Overview and Level Annotations

Branches:
Dungeon (1/1)

Altars:
Cheibriados
Dithmenos
Elyvilon
Fedhas
Gozag
Hepliaklqana
Kikubaaqudgha
Makhleb
Nemelex Xobeh
Okawaru
Qazlal
Ru
Sif Muna
Trog
Uskayaw
Vehumet
Wu Jian
Xom
Yredelemnul
Zin
The Shining One
Jiyva
Lugonu

Shops:
D (


Innate Abilities, Weirdness & Mutations

You thrive by killing the living.
You are immune to poison.
You have sharp fingernails.
Your flesh is cold resistant. (rC+)
You are immune to negative energy. (rN+++)
You do not regenerate when monsters are visible.
You are immune to unholy pain and torment.


Message History

The demonic crawler gives a hideous shriek!
You scratch the demonic crawler but do no damage.
You hear a hideous shriek!
The demonic crawler hits you but does no damage.
The demonic crawler hits you.
The demonic crawler completely misses you.
You claw the demonic crawler!
The demonic crawler is lightly wounded.
The demonic crawler barely misses you. The demonic crawler misses you.
The demonic crawler hits you.
The demonic crawler hits you but does no damage.
The demonic crawler hits you! The demonic crawler misses you.
You mangle the demonic crawler!!
The demonic crawler is heavily wounded.
The demonic crawler hits you.
The demonic crawler barely misses you. x2
The demonic crawler closely misses you.
The demonic crawler hits you but does no damage.
The demonic crawler barely misses you.
The demonic crawler closely misses you. x2
The demonic crawler hits you! The demonic crawler hits you.
The demonic crawler misses you. The demonic crawler closely misses you.
There is an open door here.
The demonic crawler closely misses you. The demonic crawler hits you!
The demonic crawler closely misses you.
You scratch the demonic crawler.
The demonic crawler is lightly wounded.
The demonic crawler hits you.
* * * LOW HITPOINT WARNING * * *
The demonic crawler misses you. The demonic crawler barely misses you.
You scratch the demonic crawler.
The demonic crawler is lightly wounded.
The demonic crawler closely misses you. The demonic crawler hits you.
* * * LOW HITPOINT WARNING * * *
The demonic crawler closely misses you. The flow of time bends around you.
The demonic crawler resists with some effort.
Cheibriados lowers the support of your attributes as your movement quickens.
The demonic crawler hits you!
* * * LOW HITPOINT WARNING * * *
The demonic crawler closely misses you. The demonic crawler hits you!
You die...

#<.#.))..#.)'..#__#..'K..#
#..'..#..'..#..'..)..#..s#
#..#####'#####'#__####...'s.#
#..####..#...#[#### #####..+
#..#_s####..##.# ##
#..#_____##'#_.+
#⌠⌠#_.∩...'...s#
####_..__##_.#s#
#_____###+#@# ####### ###


You could see 2 demonic crawlers.

Vanquished Creatures
  A kobold demonologist (D)
  A slime creature (D)
  Sigmund (D)
  A yak (D)
  A floating eye (D)
  An ogre (D)
  A jelly (D)
  Ijyb (D)
8 creatures vanquished.

Vanquished Creatures (others)
  A kobold demonologist (D)
1 creature vanquished.

Grand Total: 9 creatures vanquished

Notes
Turn   | Place    | Note
-------+----------+-------------------------------------------
     0 | D        | MikeHunt the Ghoul Monk began the quest for the Orb.
     0 | D        | Reached XP level 1. HP: 19/19 MP: 0/0
     1 | D        | Noticed Ijyb
    23 | D        | Killed Ijyb
    24 | D        | Reached skill level 7 in Unarmed Combat
    24 | D        | Reached XP level 2. HP: 16/26 MP: 1/1
    24 | D        | Reached XP level 3. HP: 19/31 MP: 2/2
   137 | D        | Noticed an ogre
   145 | D        | Killed an ogre
   146 | D        | Reached skill level 10 in Unarmed Combat
   146 | D        | Reached XP level 4. HP: 38/38 MP: 3/3
   157 | D        | Noticed Sigmund
   162 | D        | Killed Sigmund
   163 | D        | Reached XP level 5. HP: 36/52 MP: 4/4
   163 | D        | Reached XP level 6. HP: 42/60 MP: 5/5
   263 | D        | Found an ornate altar of the Wu Jian Council.
   263 | D        | Found a shimmering blue altar of Sif Muna.
   265 | D        | Found a radiant altar of Vehumet.
   340 | D        | Found Wouly's Weapon Emporium.
   340 | D        | Found an ancient bone altar of Kikubaaqudgha.
   340 | D        | Found a hazy altar of Hepliaklqana.
   340 | D        | Found a stormy altar of Qazlal.
   340 | D        | Found a hide-covered altar of Uskayaw.
   340 | D        | Found a blossoming altar of Fedhas.
   340 | D        | Found a bloodstained altar of Trog.
   340 | D        | Found an iron altar of Okawaru.
   340 | D        | Found a basalt altar of Yredelemnul.
   340 | D        | Found a snail-covered altar of Cheibriados.
   340 | D        | Found a sacrificial altar of Ru.
   340 | D        | Found a shadowy altar of Dithmenos.
   340 | D        | Noticed a yak
   341 | D        | Found an opulent altar of Gozag.
   346 | D        | Killed a yak
   347 | D        | Reached XP level 7. HP: 52/66 MP: 6/6
   347 | D        | Found a sparkling altar of Nemelex Xobeh.
   351 | D        | Became a worshipper of Cheibriados the Contemplative
   351 | D        | Reached * piety under Cheibriados
   351 | D        | Reached ** piety under Cheibriados
   398 | D        | Found a viscous altar of Jiyva.
   398 | D        | Found a corrupted altar of Lugonu.
   398 | D        | Noticed a slime creature
   399 | D        | Found a burning altar of Makhleb.
   399 | D        | Found a shimmering altar of Xom.
   404 | D        | HP: 3/66 [slime creature (16)]
   406 | D        | Killed a slime creature
   407 | D        | Reached skill level 11 in Unarmed Combat
   670 | D        | Noticed a kobold demonologist
   679 | D        | Noticed an orange demon
   680 | D        | Killed a kobold demonologist
   681 | D        | Reached skill level 5 in Invocations
   681 | D        | Reached XP level 8. HP: 78/78 MP: 8/11
   684 | D        | Noticed a kobold demonologist
   684 | D        | Noticed a demonic crawler
   684 | D        | Noticed a demonic crawler
   684 | D        | Noticed a demonic crawler
   684 | D        | Noticed a demonic crawler
   687 | D        | Reached skill level 12 in Unarmed Combat
   791 | D        | Killed a kobold demonologist
   971 | D        | Slain by a demonic crawler

Illustrated notes

Levels and vault maps discovered:
D:        dungeon_sprint_1 [red_sonja_temple_1, red_sonja_temple_small_1]

Skill      XL: |  1  2  3  4  5  6  7  8 |
---------------+-------------------------+-----
Unarmed Combat | 7 10 11 12 | 12.0
Fighting       | 7 9 |  9.5
Dodging        | 6 |  6.0
Stealth        | 9 |  9.2
Invocations    | 5 6 |  6.0

Action                   |  1- 3 |  4- 6 |  7- 9 || total
-------------------------+-------+-------+-------++-------
Melee: Unarmed           |    24 |    10 |    18 ||    52
       Punch             |       |       |     1 ||     1
Invok: Bend Time         |       |       |     1 ||     1
  Use: Potion            |     1 |       |     1 ||     2
       Scroll            |       |       |     1 ||     1
 Stab: Sleeping          |       |     2 |       ||     2
Armor: Robe              |     2 |       |     4 ||     6
Dodge: Dodged            |    11 |     3 |    22 ||    36

Table legend: (Time is in decaauts)
 A = Elapsed time spent in this place.
 B = Non-inter-level travel time spent in this place.
 C = Inter-level travel time spent in this place.
 D = Time resting spent in this place.
 E = Time spent auto-exploring this place.
 F = Levels seen in this place.
 G = Mean time per level.
                   A        B        C        D        E       F      G
               +--------+--------+--------+--------+--------+-----+--------+
         Total |   1006 |   1006 |      0 |    753 |      0 |   1 | 1006.0 |
       Dungeon |   1006 |   1006 |      0 |    753 |      0 |   1 | 1006.0 |
               +--------+--------+--------+--------+--------+-----+--------+

Top non-repeatable levels by time:
       D: 1006 daAuts
